 Dungeon Crawl Stone Soup version 0.25-a0-860-gf695395b5c (webtiles) character file.

Game seed: 6171729608226028061, levelgen mode: deterministic

21 Esekla the Grave Robber (level 2, 0/14 HPs)
             Began as a Vine Stalker Necromancer on Apr 27, 2020.
             Slain by an ogre
             ... wielding a +0 giant club
              (14 damage)
             ... on level 5 of the Dungeon.
             The game lasted 00:03:19 (742 turns).

Esekla the Grave Robber (Vine Stalker Necromancer)   Turns: 742, Time: 00:03:19

Health: 0/14       AC:  2    Str: 10    XL:     2   Next: 87%
Magic:  0/6        EV: 12    Int: 15    God:
Gold:   46         SH:  0    Dex: 14    Spells: 5/6 levels left

rFire    . . .     SeeInvis .   l - +0 short sword (venom)
rCold    . . .     Gourm    .   (no shield)
rNeg     . . .     Faith    .   a - +0 robe
rPois    .         Spirit   +   (no helmet)
rElec    .         Reflect  .   (no cloak)
rCorr    .         Harm     .   (no gloves)
MR       .....                  (no boots)
Stlth    ++........             (no amulet)
HPRegen  0.04/turn              (no ring)
MPRegen  0.10/turn              (no ring)

@: no status effects
A: fangs 2, magic shield, antimagic bite, no potion heal 3, rot immunity
a: no special abilities


You were on level 5 of the Dungeon.
You were not hungry.

You visited 1 branch of the dungeon, and saw 4 of its levels.

You collected 46 gold pieces.

Inventory:

Hand Weapons
 d - a +0 dagger
 l - a +0 short sword of venom (weapon)
Armour
 a - a +0 robe (worn)
Scrolls
 b - 2 scrolls of identify {unknown}
 e - 2 scrolls of teleportation {unknown}
 h - a scroll of immolation {unknown}
 i - a scroll of magic mapping {unknown}
 k - a scroll of enchant armour {unknown}
Potions
 f - a potion of curing {unknown}
 g - a potion of haste {unknown}
 j - a potion of brilliance {unknown}
Comestibles
 c - 4 rations


   Skills:
 * Level 1.1 Fighting
 + Level 0.6 Short Blades
 + Level 1.7 Dodging
 - Level 2.4 Stealth
 * Level 2.7 Spellcasting
 - Level 4.0 Necromancy


You had 5 spell levels left.
You knew the following spells:

 Your Spells              Type           Power        Failure   Level  Hunger
a - Pain                  Necr           ##..         4%          1    #......

Your spell library contained the following spells:

 Spells                   Type           Power        Failure   Level  Hunger
 Animate Skeleton         Necr           N/A          4%          1    #......
 Vampiric Draining        Necr           ##........   12%         3    ###....
 Animate Dead             Necr           N/A          36%         4    #####..
 Agony                    Necr           ##......     73%         5    ######.


Dungeon Overview and Level Annotations

Branches:
Dungeon (5/15)
 Temple: D:4-7

Altars:


Innate Abilities, Weirdness & Mutations

You have extremely sharp teeth.
When hurt, damage is shared between your health and your magic reserves.
Your bite disrupts and absorbs the magic of your enemies.
Potions cannot restore your health.
You are immune to rotting.


Message History

An orc, 3 orc priests and a skeleton come into view.
An orc priest is wielding a +2 flail of holy wrath.
Found 25 gold pieces.
Found an escape hatch in the floor.
There is a stone staircase leading up here.
Found 15 gold pieces.
An ogre comes into view. It is wielding a +0 giant club.
Found 17 gold pieces.
The helpless ogre fails to defend itself.
You hit the ogre. You bite the ogre. You drain its power.
The ogre is moderately wounded.
The hound skeleton misses you. The hound skeleton closely misses you.
The ogre closely misses you.
You hit the ogre.
The ogre is poisoned.
You bite the ogre. You drain its power.
The ogre is moderately wounded.
The hound skeleton closely misses you.
You closely miss the ogre.
The ogre is moderately wounded.
The ogre hits you with a +0 giant club!!
Ouch! That really hurt!
You die...

.# ... #.$. .o.
..... ### #....
o..o#...###.##...#
....#...# ......##
........# #.O.$..#
........# #@.....##
.......o###Zo.....#
##......#..#..###
#....<.....# .#
##......#### .#
#........# ..
........#>## .
.$.....#..# ##....#
...


You could see an ogre, an orc priest and a hound skeleton.

Vanquished Creatures
  An ooze (D:4)
  A giant cockroach (D:1)
  2 goblins (D:2)
  2 hobgoblins
  2 jackals (D:1)
  3 frilled lizards
  4 kobolds
  A rat (D:1)
16 creatures vanquished.

Notes
Turn   | Place    | Note
-------+----------+-------------------------------------------
     0 | D:1      | Esekla the Vine Stalker Necromancer began the quest for the
                  | Orb.
     0 | D:1      | Reached XP level 1. HP: 9/9 MP: 4/4
   231 | D:1      | Reached XP level 2. HP: 7/14 MP: 4/6
   626 | D:2      | Reached skill level 1 in Fighting
   643 | D:2      | You fall into a shaft and drop 2 floors!
   716 | D:4      | Noticed a phantom
   733 | D:5      | Entered Level 5 of the Dungeon
   736 | D:5      | Noticed an ogre
   742 | D:5      | Slain by an ogre

Levels and vault maps discovered:
D:1:      scummos_arrival_star, layout_basic
D:2:      layout_rooms, minivault_26
D:4:      layout_loops_cross, serial_shops, shop_statue
D:5:      layout_cave_pools, minmay_temple_entry_offerings

Skill      XL: |  1  2 |
---------------+-------+-----
Fighting       | 1 |  1.1
Short Blades   | |  0.6
Dodging        | |  1.7
Stealth        | |  2.4
Spellcasting   | |  2.7
Necromancy     | |  4.0

Action                   || total
-------------------------++-------
Melee: Dagger            ||    34
       Bite              ||    13
       Short sword       ||     7
 Cast: Pain              ||     4
 Stab: Distracted        ||     1
       Sleeping          ||     1
Armor: Robe              ||     6
Dodge: Dodged            ||    28

Table legend:
 A = Non-vault XP
 B = Vault XP
 C = Vault XP percentage of total XP
 D = Non-vault monster count
 E = Vault monster count
 F = Vault count percentage of total count
                 A         B        C        D         E       F
            +---------+---------+-------+---------+---------+-------
      Total |      31 |       0 |   0.0 |      16 |       0 |   0.0
            +---------+---------+-------+---------+---------+-------
        D:1 |      15 |       0 |   0.0 |      10 |       0 |   0.0
        D:2 |       8 |       0 |   0.0 |       4 |       0 |   0.0
        D:4 |       8 |       0 |   0.0 |       2 |       0 |   0.0
            +---------+---------+-------+---------+---------+-------
